 Dungeon Crawl Stone Soup version 0.25.0-9-g26727b657a (webtiles) character file.

Game seed: 11010304000988920086

122430 Flugkiller the Severer (level 16, -6/160 HPs)
             Began as a Deep Dwarf Fighter on June 21, 2020.
             Was a High Priest of Makhleb.
             Killed from afar by a naga mage (10 damage)
             ... with a bolt of poison
             ... on level 4 of the Snake Pit.
             The game lasted 00:18:52 (20765 turns).

Flugkiller the Severer (Deep Dwarf Fighter)        Turns: 20765, Time: 00:18:52

Health: -6/160     AC: 29    Str: 36    XL:     16   Next: 34%
Magic:  19/19 (10) EV:  9    Int: 14    God:    Makhleb [*****.]
Gold:   464        SH: 19    Dex: 10    Spells: 15/15 levels left

rFire    + + .     SeeInvis .   Q - +0 broad axe
rCold    x x .     Gourm    .   c - +0 kite shield
rNeg     + . .     Faith    .   H - +5 chain mail "Xalechock" {rC- MP+9 Str+6}
rPois    .         Spirit   .   f - +1 helmet
rElec    .         Reflect  +   k - +2 cloak
rCorr    .         Harm     .   (no gloves)
MR       ++...                  O - +0 pair of boots "Liluishu" {rPois Int+4 Dex-2}
Stlth    ..........             y - amulet of reflection
HPRegen  0.00/turn              b - ring "Aliter" {+Fly rPois rF++ rC- Str+4}
MPRegen  0.16/turn              p - +4 ring of protection

@: lethally poisoned (-6 -> -20), poison vulnerable, non-regenerating
A: damage resistance, heal wounds, negative energy resistance 1, sense
surroundings 2, no regeneration
a: Heal Wounds, Minor Destruction, Lesser Servant of Makhleb, Major Destruction,
Greater Servant of Makhleb, Renounce Religion, Evoke Flight


You were on level 4 of the Snake Pit.
You worshipped Makhleb.
Makhleb was extremely pleased with you.
You were not hungry.

You visited 4 branches of the dungeon, and saw 27 of its levels.
You visited the Abyss 2 times.
You visited 1 bazaar.

You collected 1991 gold pieces.
You spent 1527 gold pieces at shops.

Inventory:

Hand Weapons
 a - a +0 war axe
 Q - a +0 broad axe (weapon)
   (You bought it in a shop in a bazaar)
 R - a +1 vorpal war axe
   (You found it on level 2 of the Snake Pit)
Missiles
 E - a throwing net (quivered)
Armour
 c - a +0 kite shield (worn)
 f - a +1 helmet (worn)
   (You found it on level 6 of the Dungeon)
 k - a +2 cloak (worn)
   (You bought it in a shop on level 7 of the Dungeon)
 F - a +2 pair of boots
   (You found it on level 12 of the Dungeon)
 H - the +5 chain mail "Xalechock" (worn) {rC- MP+9 Str+6}
   (You bought it in a shop on level 2 of the Orcish Mines)

   It affects your strength (+6).
   It makes you vulnerable to cold.
   It affects your magic capacity (+9).
 O - the +0 pair of boots "Liluishu" (worn) {rPois Int+4 Dex-2}
   (You found it on level 15 of the Dungeon)

   It affects your intelligence (+4).
   It affects your dexterity (-2).
   It protects you from poison.
Jewellery
 b - the ring "Aliter" (left hand) {+Fly rPois rF++ rC- Str+4}
   (You found it on level 14 of the Dungeon)

   [ring of flight]

   It affects your strength (+4).
   It greatly protects you from fire.
   It makes you vulnerable to cold.
   It protects you from poison.
   It lets you fly.
 p - a +4 ring of protection (right hand)
   (You took it off an orc on level 7 of the Dungeon)
 y - an amulet of reflection (around neck)
   (You bought it in a shop on level 2 of the Orcish Mines)
 S - the amulet of Joy {rElec MR+ Regen+ Dex+3, unknown}
   (You found it on level 4 of the Snake Pit)

   [amulet of regeneration]

   It affects your dexterity (+3).
   It insulates you from electricity.
   It affects your resistance to hostile enchantments.
   It increases your rate of regeneration.
Wands
 g - a wand of enslavement (17)
   (You found it on level 5 of the Dungeon)
 v - a wand of digging (3)
   (You found it on level 4 of the Lair of Beasts)
 B - a wand of iceblast (11)
   (You found it on level 3 of the Lair of Beasts)
 N - a wand of acid (4)
   (You found it on level 15 of the Dungeon)
Scrolls
 o - a scroll of enchant weapon
 r - 3 scrolls of identify
 s - 8 scrolls of magic mapping
 t - 8 scrolls of teleportation
 x - 8 scrolls of remove curse
 z - 6 scrolls of blinking
 D - a scroll of summoning
 G - 5 scrolls of immolation
 K - 2 scrolls of fog
 L - a scroll of silence
 M - 6 scrolls of enchant armour
Potions
 d - 5 potions of might
 h - 2 potions of haste
 i - a potion of lignification
 j - 5 potions of stabbing
 l - 3 potions of cancellation
 m - 4 potions of brilliance
 n - a potion of resistance
 q - 7 potions of curing
 u - a potion of magic
 w - 2 potions of heal wounds
 C - 3 potions of berserk rage
 I - a potion of invisibility {unknown}
 J - a potion of mutation
 P - 2 potions of flight
Comestibles
 e - 49 rations


   Skills:
 * Level 14.7 Fighting
 * Level 16.8 Axes
 + Level 12.8 Armour
 + Level 12.8 Shields
 + Level 13.9 Invocations


You had 15 spell levels left.
You didn't know any spells.
Your spell library was empty.

Dungeon Overview and Level Annotations

Branches:
Dungeon (15/15)            Temple (0/1) D:7            Lair (6/6) D:10
 Shoals (0/4) Lair:4        Snake (4/4) Lair:4          Orc (2/2) D:11
    Elf (0/3) Orc:2        Vaults (0/5) D:14         Depths (0/5) D:15
  Slime: Lair:5-6

Altars:
Dithmenos
Elyvilon
Fedhas
Hepliaklqana
Kikubaaqudgha
Makhleb
Nemelex Xobeh
Okawaru
Qazlal
Uskayaw
Wu Jian
Xom
Beogh

Shops:
D:7 [   D:12 *   Orc:2 *=}!   Snake:2 *:*

Annotations:
D:5 1 runed translucent door, vogonpoet's ghost, novice MiGl
Lair:4 exclusion: oklob plant


Innate Abilities, Weirdness & Mutations

You are resistant to damage.
You can heal yourself by infusing magical energy.
You resist negative energy. (rN+)
You passively map the area around you.
You do not regenerate.


Message History

The arrow hits you.
A naga comes into view. It is wielding a +0 glaive.
The naga spits poison at you.
The splash of poison reflects off an invisible shield around you!
The splash of poison hits the naga but does no damage.
The naga is poisoned.
The nagaraja spits poison at you.
The splash of poison reflects off an invisible shield around you!
The splash of poison hits the nagaraja.
A black mamba comes into view.
A naga mage comes into view.
All of the chunks of flesh in your inventory have rotted away.
Found an arrow, 11 gold pieces and a serpentine rune of Zot.
A nagaraja comes into view. It is wielding a +0 whip.
You fail to use your ability.
* * * LOW HITPOINT WARNING * * *
You feel sick.
The naga mage gestures at you while chanting.
The bolt of poison hits you!
You are lethally poisoned!
You die...

..# , * * * ..# ,
,##### , ..# *,
##....φ, * , ..#
, ##.S....., ..#
* #........ , ..#
#N.NN.... , ..#
*, ##........,
..# *,
##.....N... , , ,
..# ,
#..@.N.NN..,,,
..# ,
#..N.NN.N.., ,
..# , #.$........
,, , ###
#.N..N.#.... , ,
#########
.........,..# , ,
, ........#
......#........#,
#######.##......
.#........ ,
#.###..N..
#.#[..⌠... **,,
#.# ..N,
##........#. ,


You could see 2 naga warriors, 3 nagarajas, a naga sharpshooter, 4 naga
ritualists, a black mamba, 3 naga magi and a naga (poisoned, catching breath).

Vanquished Creatures
  Vashnia (Snake:3)
  A bone dragon (Abyss:1)
  Gastronok (D:12)
  A tentacled starspawn (Abyss:1)
  Donald (Snake:1)
  Roxanne (Snake:4)
  Aizul (Snake:4)
  Erolcha (Orc:1)
  A great orb of eyes (Abyss:1)
  8 vault guards (D:14)
  Erica (D:11)
  8 naga warriors
  A hydra (D:11)
  7 two-headed ogres
  4 anacondas
  An ogre mage (D:15)
  4 centaur warriors
  3 orc high priests
  5 naga sharpshooters
  Urug (D:13)
  A thrashing horror (Abyss:1)
  Nergalle (D:12)
  3 shock serpents
  3 wretched stars (Abyss:1)
  2 salamander mystics
  A sixfirhy (Abyss:1)
  A sea snake (Snake:2)
  4 unseen horrors
  A wizard (D:15)
  A naga ritualist (Snake:2)
  2 orc knights
  A wolf spider zombie (D:15)
  An orb spider (shapeshifter) (D:15)
  5 mana vipers
  2 salamanders
  4 deep elf magi
  An orc sorcerer (D:15)
  2 manticores
  4 large abominations (Abyss:1)
  2 cyclopes
  Maurice (D:9)
  5 elephants
  2 apocalypse crabs (Abyss:1)
  6 naga magi
  A gargoyle (D:14)
  A smoke demon (Abyss:1)
  17 black mambas
  A guardian serpent (Snake:4)
  8 spiny frogs
  4 rime drakes
  2 freezing wraiths
  6 komodo dragons
  6 kobold demonologists
  2 ancient zymes (Abyss:1)
  6 trolls
  3 hornets (Lair:4)
  3 blink frogs
  5 dream sheep (Lair:4)
  2 wind drakes (shapeshifter)
  5 hippogriffs
  12 spriggans (Lair:4)
  2 vampires
  A ynoxinul (Abyss:1)
  A human (D:7)
  49 yaks
  3 wyverns
  A tarantella (shapeshifter) (D:13)
  A shadow (D:12)
  2 hungry ghosts
  A golden eye (Abyss:1)
  3 hogs (D:7)
  A chaos spawn (Abyss:1)
  3 small abominations (Abyss:1)
  A steam dragon (D:14)
  3 vampire mosquitoes
  2 soldier ants
  16 water moccasins
  18 nagas
  7 porcupines
  6 phantoms
  Duvessa (D:7)
  5 eyes of draining
  6 ice beasts
  4 sky beasts
  3 black bears
  10 ogres
  22 orc warriors
  3 boggarts (Lair:4)
  22 centaurs
  A necrophage (D:10)
  4 wolves (Lair:3)
  7 crocodiles
  3 big kobolds
  2 gnoll sergeants
  17 bullfrogs
  A wyvern zombie (D:13)
  3 scorpions
  2 wyvern skeletons
  Dowan (D:7)
  3 wights (D:8)
  3 howler monkeys (D:12)
  A vampire bat (D:6)
  An electric eel (D:15)
  10 crimson imps
  3 centaur zombies
  A bullfrog zombie (D:9)
  A quasit (Abyss:1)
  6 hounds
  23 orc priests
  3 bullfrog skeletons
  6 centaur skeletons
  2 jellies
  25 orc wizards
  5 iguanas
  An iron imp (Abyss:1)
  9 worker ants
  3 hound skeletons
  A mummy (D:4)
  2 worker ant zombies (D:6)
  11 adders
  16 gnolls
  4 shadow imps
  4 white imps (D:14)
  3 ufetubi
  An ooze (D:4)
  3 adder zombies (D:9)
  2 adder skeletons
  A worm (D:5)
  A dart slug (D:4)
  An adder simulacrum (D:9)
  9 leopard geckos
  101 orcs
  A ball python (D:6)
  6 bats (D:6)
  5 giant cockroaches
  5 goblins
  9 hobgoblins
  8 jackals
  5 quokkas
  A ball python skeleton (D:4)
  4 frilled lizards
  A goblin zombie (D:4)
  A jackal skeleton (D:7)
  13 kobolds
  A leopard gecko zombie (D:9)
  An orc zombie (D:4)
  A quokka skeleton (D:5)
  A quokka zombie (D:10)
  4 plants
763 creatures vanquished.

Vanquished Creatures (collateral kills)
  4 hydras
  A catoblepas (D:8)
  A two-headed ogre (D:10)
  2 orc high priests (Orc:2)
  2 shock serpents
  A fire crab (Lair:6)
  A naga ritualist (Snake:4)
  A mana viper (Snake:4)
  An orc sorcerer (Orc:2)
  An ugly thing (D:11)
  2 salamanders (Snake:3)
  Joseph (D:8)
  An ice statue (D:14)
  2 elephants
  2 komodo dragons (Lair:6)
  2 trolls
  3 blink frogs (Lair:3)
  A hippogriff (Lair:2)
  3 yaks (D:11)
  A naga (Snake:3)
  A porcupine (Lair:3)
  8 orc warriors
  A snapping turtle zombie (Abyss:1)
  An ice beast (D:11)
  2 ogres
  A hornet zombie (D:8)
  2 crocodiles (Lair:6)
  2 bullfrogs
  A bullfrog skeleton (D:11)
  7 orc priests
  2 orc wizards
  An iguana (D:8)
  2 gnolls (Orc:1)
  An adder (D:8)
  A shadow imp (D:8)
  12 orcs
  A quokka (D:8)
  2 fungi (Lair:6)
81 creatures vanquished.

Vanquished Creatures (others)
  A shock serpent (Snake:2)
  A naga sharpshooter (Snake:3)
  A sea snake (Snake:2)
  A human (D:6)
  An orc (D:11)
  6 fungi
  2 plants
13 creatures vanquished.

Grand Total: 857 creatures vanquished

Notes
Turn   | Place    | Note
-------+----------+-------------------------------------------
     0 | D:1      | Flugkiller the Deep Dwarf Fighter began the quest for the
                  | Orb.
     0 | D:1      | Reached XP level 1. HP: 20/20 MP: 1/1
   209 | D:3      | Reached XP level 2. HP: 18/27 MP: 2/2
   348 | D:4      | Reached skill level 3 in Axes
   348 | D:4      | Reached XP level 3. HP: 23/34 MP: 3/3
   393 | D:4      | Found an ancient bone altar of Kikubaaqudgha.
   413 | D:4      | Noticed an ogre
   415 | D:4      | Noticed a phantom
   429 | D:4      | HP: 1/34 [ogre/+0 giant club (17)]
   434 | D:4      | Killed an ogre
   434 | D:4      | Reached XP level 4. HP: 34/44 MP: 4/4
   434 | D:4      | Reached XP level 5. HP: 39/50 MP: 5/5
   534 | D:4      | Killed a phantom
   534 | D:4      | Reached skill level 4 in Axes
   744 | D:4      | Reached XP level 6. HP: 39/57 MP: 6/6
  1390 | D:5      | Entered Level 5 of the Dungeon
  1390 | D:5      | Found a stormy altar of Qazlal.
  1390 | D:5      | Noticed a sky beast
  1402 | D:5      | Killed a sky beast
  1402 | D:5      | Reached skill level 5 in Axes
  1458 | D:5      | Found a runed translucent door.
  1459 | D:5      | Noticed vogonpoet's ghost (novice MiGl)
  1516 | D:5      | Reached XP level 7. HP: 46/66 MP: 6/6
  1880 | D:5      | Reached skill level 5 in Fighting
  2647 | D:6      | Found a burning altar of Makhleb.
  2651 | D:6      | Reached skill level 5 in Shields
  2659 | D:6      | Became a worshipper of Makhleb the Destroyer
  2681 | D:6      | Reached skill level 5 in Armour
  2681 | D:6      | Reached skill level 1 in Invocations
  2737 | D:6      | Reached skill level 6 in Axes
  2740 | D:6      | Reached XP level 8. HP: 36/75 MP: 6/8
  2935 | D:6      | Reached * piety under Makhleb
  3014 | D:6      | Found a white marble altar of Elyvilon.
  3203 | D:6      | Reached skill level 7 in Axes
  3367 | D:6      | Found an ancient bone altar of Kikubaaqudgha.
  3691 | D:7      | Found a staircase to the Ecumenical Temple.
  3691 | D:7      | Noticed Duvessa
  3691 | D:7      | Noticed Dowan
  3712 | D:7      | Killed Dowan
  3720 | D:7      | Killed Duvessa
  3967 | D:7      | Found an ornate altar of the Wu Jian Council.
  4054 | D:7      | Gained mutation: You passively map the area around you.
                  | [Deep Dwarf growth]
  4054 | D:7      | Reached XP level 9. HP: 72/85 MP: 10/10
  4074 | D:7      | Reached ** piety under Makhleb
  4138 | D:7      | Found Oreorequmn's Antique Armour Boutique.
  4141 | D:7      | Bought an embroidered cloak for 195 gold pieces
  4291 | D:7      | Found a shimmering altar of Xom.
  4355 | D:7      | Reached skill level 8 in Axes
  4693 | D:8      | Reached skill level 5 in Invocations
  4800 | D:8      | Reached *** piety under Makhleb
  4801 | D:8      | Found a hide-covered altar of Uskayaw.
  4953 | D:8      | Reached skill level 9 in Axes
  4953 | D:8      | Reached XP level 10. HP: 79/96 MP: 13/13
  5023 | D:8      | Noticed a catoblepas
  5035 | D:8      | Killed a catoblepas
  5189 | D:8      | Noticed Joseph
  5202 | D:8      | Killed Joseph
  5522 | D:8      | Found a hazy altar of Hepliaklqana.
  5582 | D:8      | Found a blossoming altar of Fedhas.
  5772 | D:9      | Noticed Maurice
  5787 | D:9      | Killed Maurice
  5965 | D:9      | Reached **** piety under Makhleb
  5975 | D:9      | Reached skill level 10 in Axes
  6229 | D:9      | Found an iron altar of Okawaru.
  6472 | D:10     | Entered Level 10 of the Dungeon
  6857 | D:10     | Reached XP level 11. HP: 106/106 MP: 14/14
  6864 | D:10     | Noticed a two-headed ogre
  6871 | D:10     | Killed a two-headed ogre
  6931 | D:10     | Noticed a centaur warrior
  6945 | D:10     | Killed a centaur warrior
  7055 | D:10     | Found a staircase to the Lair.
  7403 | Lair:1   | Entered Level 1 of the Lair of Beasts
  7514 | Lair:1   | Reached skill level 11 in Axes
  8059 | Lair:2   | Reached skill level 10 in Fighting
  8781 | Lair:3   | Noticed a five-headed hydra
  8794 | Lair:3   | Killed a five-headed hydra
  8851 | Lair:3   | Reached XP level 12. HP: 67/116 MP: 12/12
  9460 | Lair:4   | Reached skill level 12 in Axes
  9597 | Lair:4   | Found a staircase to the Snake Pit.
  9783 | Lair:4   | Found a staircase to the Shoals.
 10070 | Lair:4   | Reached ***** piety under Makhleb
 10070 | Lair:4   | Reached skill level 10 in Invocations
 10114 | Lair:4   | Reached skill level 10 in Shields
 10242 | Lair:4   | Noticed an eight-headed hydra
 10250 | Lair:4   | Killed an eight-headed hydra
 10250 | Lair:4   | Reached skill level 13 in Axes
 10250 | Lair:4   | Reached skill level 10 in Armour
 10250 | Lair:4   | Reached XP level 13. HP: 110/127 MP: 14/14
 10569 | Lair:4   | You fall into a shaft and drop 2 floors!
 10569 | Lair:6   | Entered Level 6 of the Lair of Beasts
 10908 | Lair:4   | Found a sparkling altar of Nemelex Xobeh.
 11457 | D:11     | Noticed Erica
 11481 | D:11     | Killed Erica
 11890 | D:11     | Found a staircase to the Orcish Mines.
 11900 | Orc:1    | Entered Level 1 of the Orcish Mines
 11926 | Orc:1    | Noticed Erolcha
 11946 | Orc:1    | Killed Erolcha
 12463 | Orc:2    | Entered Level 2 of the Orcish Mines
 12501 | Orc:2    | Found a staircase to the Elven Halls.
 12602 | Orc:2    | Reached skill level 14 in Axes
 12652 | Orc:2    | Found Kimic's Jewellery Boutique.
 12652 | Orc:2    | Found Pusawap's Distillery.
 12657 | Orc:2    | Found Lakawu Xole's Gadget Shop.
 12663 | Orc:2    | Found Joawiobb's Assorted Antiques.
 12670 | Orc:2    | Bought an uncursed amulet of reflection for 480 gold pieces
 12672 | Orc:2    | Bought a potion of heal wounds for 55 gold pieces
 12682 | Orc:2    | Bought a tiger eye-encrusted chain mail for 228 gold pieces
 12692 | Orc:2    | Identified the +5 chain mail "Xalechock" {rC- MP+9 Str+6}
                  | (You bought it in a shop on level 2 of the Orcish Mines)
 13038 | Orc:2    | Found a roughly hewn altar of Beogh.
 13524 | D:12     | Noticed Gastronok
 13547 | D:12     | Killed Gastronok
 13547 | D:12     | Gained mutation: You resist negative energy. (rN+) [Deep
                  | Dwarf growth]
 13547 | D:12     | Reached XP level 14. HP: 139/139 MP: 11/11
 13641 | D:12     | Noticed Nergalle
 13657 | D:12     | Killed Nergalle
 13711 | D:12     | Found Byezo's General Store.
 13743 | D:12     | Bought a scroll of enchant armour for 105 gold pieces
 14842 | D:13     | Reached ****** piety under Makhleb
 15505 | D:13     | Noticed Urug
 15519 | D:13     | Killed Urug
 15730 | D:14     | Found a blossoming altar of Fedhas.
 15926 | D:14     | Reached skill level 15 in Axes
 16045 | D:14     | Found a gate to the Vaults.
 16278 | D:14     | Cast into level 2 of the Abyss (kobold demonologist)
 16345 | D:14     | Escaped the Abyss
 16518 | D:14     | Got a faintly glowing amber ring
 16532 | D:15     | Entered Level 15 of the Dungeon
 16561 | D:15     | Identified the ring "Aliter" {+Fly rPois rF++ rC- Str+4}
                  | (You found it on level 14 of the Dungeon)
 16778 | D:15     | Reached XP level 15. HP: 145/148 MP: 11/11
 16853 | D:15     | Got a pair of spiked boots
 16864 | D:15     | Identified the +0 pair of boots "Liluishu" {rPois Int+4
                  | Dex-2} (You found it on level 15 of the Dungeon)
 16893 | D:15     | Found a staircase to the Depths.
 17471 | Snake:1  | Entered Level 1 of the Snake Pit
 17481 | Snake:1  | Identified the +3 kite shield of Hasm {Harm Int+3 SInv}
 17481 | Snake:1  | Noticed Donald
 17512 | Snake:1  | Killed Donald
 17590 | Snake:2  | Found Boitar's General Store.
 17590 | Snake:2  | Found Buigigae's Book Shop.
 17593 | Snake:2  | Found Mydunn's Assorted Antiques.
 17605 | Snake:2  | Bought a scroll of immolation for 126 gold pieces
 17605 | Snake:2  | Bought a green potion for 32 gold pieces
 17605 | Snake:2  | Bought a sedimented coppery potion for 32 gold pieces
 17649 | Snake:2  | Found a flickering gateway to a bazaar.
 17657 | Bazaar   | Entered a bazaar
 17671 | Bazaar   | Found Favven's Magic Scroll Shoppe.
 17686 | Bazaar   | Found Wiudghoyh's Antique Weapon Emporium.
 17701 | Bazaar   | Found Gexirr's Weapon Emporium.
 17705 | Bazaar   | Bought a +0 broad axe for 44 gold pieces
 17761 | Bazaar   | Bought a scroll of enchant armour for 82 gold pieces
 17761 | Bazaar   | Bought a scroll of blinking for 82 gold pieces
 17761 | Bazaar   | Bought a scroll of teleportation for 33 gold pieces
 17761 | Bazaar   | Bought a scroll of teleportation for 33 gold pieces
 18474 | Snake:3  | Found an ancient bone altar of Kikubaaqudgha.
 18489 | Snake:3  | Reached skill level 16 in Axes
 18985 | Snake:3  | Noticed Vashnia
 19033 | Snake:3  | Killed Vashnia
 19413 | Snake:4  | Entered Level 4 of the Snake Pit
 19413 | Snake:4  | Noticed Roxanne
 19430 | Snake:4  | Killed Roxanne
 19500 | Snake:4  | Found a shadowy altar of Dithmenos.
 19503 | Snake:4  | Noticed Aizul
 19528 | Snake:4  | Killed Aizul
 19640 | Snake:4  | Cast into level 1 of the Abyss (naga)
 19678 | Abyss:1  | Reached XP level 16. HP: 126/160 MP: 5/5
 19698 | Abyss:1  | Found a corrupted altar of Lugonu.
 19829 | Abyss:1  | Found a corrupted altar of Lugonu.
 20132 | Abyss:1  | Found a corrupted altar of Lugonu.
 20219 | Abyss:1  | Found a corrupted altar of Lugonu.
 20312 | Abyss:1  | Noticed a bone dragon
 20344 | Abyss:1  | Killed a bone dragon
 20463 | Abyss:1  | Noticed a tentacled starspawn
 20474 | Abyss:1  | Killed a tentacled starspawn
 20476 | Snake:4  | Escaped the Abyss
 20725 | Snake:4  | Got a crude ivory amulet
 20764 | Snake:4  | HP: 6/160 [nagaraja/poison arrow (33)]
 20765 | Snake:4  | Killed from afar by a naga mage

Illustrated notes

Levels and vault maps discovered:
D:1:      dpeg_arrival_stone_temple_mockup, layout_basic
D:2:      layout_loops_ring, lemuel_blue_sif_altar, first_ration
D:3:      layout_basic, zin_angel, fiery_altar_vehumet
D:4:      layout_basic, kiku_gazebo_garden_becter, nicolae_ossuary_entry_giza,
          chequers_avenue, minmay_goblin_kobold_house
D:5:      layout_layer_cave, grunt_qazlal_sundering, gammafunk_ghost_grave
D:6:      layout_basic, bloody_makhleb, marbit_many_paths, grunt_ministairs_2,
          roderic_batcave, tgw_kikubaaqudgha
D:7:      layout_loops_corners, old_standard_altar, brannock_xom_greatest_gift,
          minmay_temple_entry_junction_2, serial_shops, kennysheep_mini,
          grunt_livestock, kennysheep_generic_room_13, uniq_duvessa
D:8:      minmay_the_grid_plus_closed [minmay_the_grid_mess,
          minmay_the_grid_square_x, minmay_the_grid_tree, minmay_the_grid_paths,
          minmay_the_grid_prize_trominoes], layout_gridville,
          lemuel_crystal_altar, kennysheep_little_box, basic_altar, uniq_joseph
D:9:      layout_irregular_city, kennysheep_mini_moat, hangedman_weighted_door,
          uniq_maurice
D:10:     minmay_distorted_concentric_squares, layout_gridville,
          dpeg_oklobed_lair
D:11:     layout_loops_ring, hiddenorc1_lemuel, uniq_erica
D:12:     layout_basic, serial_shops, shop, uniq_nergalle, uniq_gastronok
D:13:     layout_grid_maze, uniq_urug
D:14:     layout_roguey, erik_vaults_2, lemuel_crystal_altar, ice2_lemuel
D:15:     grunt_enter_depths_magical_seal, layout_small_grid,
          chequers_serial_rivers_room_a, serial_bayou_lagoon_a
Lair:1:   layout_cave_shapes, st_stairs_5, grunt_megastairs_4
Lair:2:   layout_chaotic_city, lemuel_fruit_tree, infiniplex_staircase_pool_2
Lair:3:   layout_regular_city
Lair:4:   kb_forest_paths, layout_long_grid, elwin_shoals_entry_rooms,
          minmay_snake_entry_six_corridors, lemuel_oklob_altar
Lair:5:   layout_misc_corridors
Lair:6:   gammafunk_lair_ancient_temple, layout_misc_corridors, slime_dummy
Snake:1:  layout_rooms, uniq_donald
Snake:2:  layout_chambers, serial_shops, freezing_bzr, serial_bayou_shore_a,
          minmay_shop_star
Snake:3:  layout_chambers, basic_altar, uniq_vashnia
Snake:4:  snake_pit, layout_basic, basic_altar, uniq_aizul, uniq_roxanne
Orc:1:    layout_caves, uniq_erolcha
Orc:2:    st_orc_mages, layout_caves, lemuel_statue_altar

Skill      XL: |  1  2  3  4  5  6  7  8  9 10 11 12 13 14 15 |
---------------+----------------------------------------------+-----
Fighting       | 3 4 5 6 7 9 10 11 12 13 14 | 14.7
Axes           | 3 4 5 6 7 9 10 11 13 14 15 16 | 16.8
Armour         | 4 5 6 7 8 10 11 12 | 12.8
Shields        | 4 5 6 7 8 9 10 11 12 | 12.8
Invocations    | 1 3 5 7 8 10 11 12 13 | 13.9

Action                   |  1- 3 |  4- 6 |  7- 9 | 10-12 | 13-15 | 16-18 || total
-------------------------+-------+-------+-------+-------+-------+-------++-------
Melee: War axe           |    65 |   176 |   460 |  1036 |   339 |       ||  2076
       Hand axe          |       |       |       |       |  1265 |       ||  1265
       Broad axe         |       |       |       |       |   125 |   225 ||   350
Invok: Lesser Servant of |       |       |     2 |    13 |    32 |     4 ||    51
       Greater Servant o |       |       |       |       |     1 |     4 ||     5
       Major Destruction |       |       |       |       |     1 |       ||     1
 Abil: Heal Wounds       |     4 |     4 |    11 |    16 |    39 |     6 ||    80
Evoke: Wand              |       |       |       |     2 |    10 |       ||    12
  Use: Scroll            |       |       |    10 |       |    22 |     2 ||    34
       Potion            |       |       |       |     1 |     5 |     1 ||     7
 Stab: Distracted        |       |       |       |     3 |    12 |     1 ||    16
  Eat: Chunk             |       |     3 |    12 |    20 |    22 |       ||    57
       Ration            |       |       |       |     1 |     4 |     1 ||     6
Armor: Scale mail        |    19 |       |       |       |       |       ||    19
       Chain mail        |     7 |    87 |   279 |    37 |   503 |   115 ||  1028
       Plate armour      |       |       |       |   551 |   262 |       ||   813
       Skin              |       |       |       |       |     7 |       ||     7
Dodge: Dodged            |    29 |    42 |   128 |   196 |   270 |    61 ||   726
Block: Kite shield       |    41 |    88 |   329 |   628 |  1128 |   187 ||  2401
       Reflection        |       |       |       |       |    79 |    18 ||    97
